3041 views
Uploaded 2019-12-29 14:53:32
Game version 1.32.0.4
37:31 long 3on3 ladder game on (6)GnollWood
Saved by BEARAND
3041 views
Uploaded 2019-12-29 14:53:32
Game version 1.32.0.4
37:31 long 3on3 ladder game on (6)GnollWood


143 units @ 22.7k
/ 3.1k
60 buildings @ 8.4k
/ 3.3k


| Peon | 8 | 600 | / | 0 |
| Grunt | 19 | 3800 | / | 0 |
| Troll Headhunter | 2 | 280 | / | 40 |
| Shaman | 6 | 780 | / | 120 |
| Troll Witch Doctor | 1 | 145 | / | 25 |
| Troll Berserker | 2 | 280 | / | 40 |
| total: | 38 | 5885g | / | 225w |
| Altar of Storms | 1 | 180 | / | 50 |
| Barracks | 1 | 180 | / | 50 |
| Orc Burrow | 8 | 1280 | / | 320 |
| War Mill | 1 | 205 | / | 0 |
| Voodoo Lounge | 1 | 130 | / | 30 |
| Great Hall | 2 | 770 | / | 370 |
| Spirit Lodge | 1 | 150 | / | 150 |
| Stronghold | 2 | 630 | / | 380 |
| Fortress | 2 | 650 | / | 380 |
| total: | 15 | 2895g | / | 970w |
| 0:09 | Altar of Storms |
| 0:14 | Peon |
| 0:14 | Peon |
| 0:17 | Barracks |
| 0:30 | Peon |
| 0:42 | Orc Burrow |
| 1:05 | Peon |
| 1:07 | Peon |
| 1:40 | Grunt |
| 1:45 | Orc Burrow |
| 2:00 | War Mill |
| 2:38 | Chain Lighting |
| 2:40 | Grunt |
| 2:45 | Orc Burrow |
| 3:09 | Grunt |
| 3:59 | Troll Headhunter |
| 3:59 | Troll Headhunter |
| 4:01 | Steel Melee Weapons |
| 4:23 | Stronghold |
| 4:27 | Grunt |
| 4:46 | Orc Burrow |
| 5:19 | Steel Armor |
| 5:36 | Feral Spirit |
| 6:01 | Grunt |
| 6:01 | Grunt |
| 6:03 | Steel Ranged Weapons |
| 6:45 | Berserker Strength |
| 6:51 | Peon |
| 6:52 | Peon |
| 6:52 | Peon |
| 7:00 | Grunt |
| 7:10 | Thorium Melee Weapons |
| 7:23 | Thorium Armor |
| 7:44 | Grunt |
| 8:00 | Spirit Lodge |
| 8:57 | Arcanite Melee Weapons |
| 10:30 | Fortress |
| 10:37 | Orc Burrow |
| 10:39 | Orc Burrow |
| 11:12 | Shaman Adept Training |
| 11:17 | Thorium Ranged Weapons |
| 11:53 | Healing Wave |
| 12:18 | Shaman |
| 12:18 | Shaman |
| 12:20 | Grunt |
| 12:20 | Grunt |
| 12:21 | Grunt |
| 12:32 | Orc Burrow |
| 12:32 | Orc Burrow |
| 12:48 | Chain Lighting |
| 13:04 | Shaman Master Training |
| 13:48 | Voodoo Lounge |
| 14:02 | Shaman |
| 14:02 | Shaman |
| 14:04 | Grunt |
| 14:04 | Grunt |
| 14:42 | Grunt |
| 14:44 | Shaman |
| 15:46 | Troll Witch Doctor |
| 15:51 | Berserker Upgrade |
| 16:44 | Grunt |
| 16:44 | Grunt |
| 16:52 | Arcanite Armor |
| 17:55 | Great Hall |
| 18:26 | Serpent Ward |
| 21:23 | Pillage |
| 21:53 | Feral Spirit |
| 22:10 | Grunt |
| 22:10 | Grunt |
| 22:10 | Grunt |
| 22:13 | Shaman |
| 22:52 | Healing Wave |
| 23:23 | Great Hall |
| 26:33 | Troll Berserker |
| 26:33 | Troll Berserker |
| Right click | 1369 |
| Select | 418 |
| Build/train/purchase | 69 |
| Use ability | 21 |
| Remove unit | 7 |


| Dust of Appearance | 1 | 75 |
| total: | 1 | 75g |
| Acolyte | 18 | 1350 | / | 0 |
| Ghoul | 3 | 360 | / | 0 |
| Crypt Fiend | 11 | 2365 | / | 440 |
| Obsidian Statue | 8 | 1600 | / | 280 |
| Frost Wyrm | 7 | 2695 | / | 840 |
| Gargoyle | 5 | 875 | / | 150 |
| Forest Troll Shadow Priest | 1 | 195 | / | 10 |
| total: | 53 | 9440g | / | 1720w |
| Altar of Darkness | 1 | 180 | / | 50 |
| Crypt | 1 | 200 | / | 50 |
| Ziggurat | 9 | 1350 | / | 450 |
| Graveyard | 2 | 430 | / | 0 |
| Tomb of Relics | 1 | 130 | / | 30 |
| Slaughterhouse | 1 | 140 | / | 135 |
| Sacrificial Pit | 2 | 150 | / | 300 |
| Boneyard | 1 | 175 | / | 200 |
| Halls of the Dead | 1 | 320 | / | 210 |
| Black Citadel | 1 | 325 | / | 230 |
| total: | 18 | 2755g | / | 1215w |
| 0:02 | Acolyte |
| 0:03 | Acolyte |
| 0:05 | Altar of Darkness |
| 0:09 | Crypt |
| 0:37 | Ziggurat |
| 1:00 | Graveyard |
| 1:11 | Ghoul |
| 1:24 | Ziggurat |
| 1:34 | Ghoul |
| 1:47 | Ghoul |
| 2:03 | Tomb of Relics |
| 2:24 | Crypt Fiend |
| 2:37 | Death Coil |
| 2:49 | Crypt Fiend |
| 3:36 | Crypt Fiend |
| 3:39 | Halls of the Dead |
| 4:10 | Crypt Fiend |
| 4:15 | Ziggurat |
| 5:16 | Crypt Fiend |
| 5:19 | Ziggurat |
| 5:44 | Dust of Appearance |
| 6:06 | Black Citadel |
| 6:10 | Slaughterhouse |
| 6:30 | Unholy Aura |
| 6:45 | Crypt Fiend |
| 6:46 | Web |
| 6:47 | Burrow |
| 7:29 | Forest Troll Shadow Priest |
| 7:54 | Obsidian Statue |
| 7:54 | Obsidian Statue |
| 8:06 | Obsidian Statue |
| 8:40 | Frost Nova |
| 9:06 | Destroyer Form |
| 9:08 | Acolyte |
| 11:11 | Acolyte |
| 11:13 | Creature Attack |
| 11:17 | Sacrificial Pit |
| 11:25 | Graveyard |
| 11:28 | Sacrificial Pit |
| 12:23 | Boneyard |
| 12:25 | Creature Carapace |
| 12:27 | Obsidian Statue |
| 12:30 | Ziggurat |
| 12:32 | Ziggurat |
| 12:33 | Ziggurat |
| 12:36 | Ziggurat |
| 12:39 | Ziggurat |
| 12:50 | Death Coil |
| 13:12 | Acolyte |
| 13:28 | Dark Ritual |
| 13:37 | Acolyte |
| 13:37 | Acolyte |
| 13:37 | Acolyte |
| 13:37 | Acolyte |
| 13:39 | Acolyte |
| 13:42 | Frost Wyrm |
| 13:48 | Improved Creature Attack |
| 14:16 | Frost Wyrm |
| 15:46 | Obsidian Statue |
| 15:46 | Obsidian Statue |
| 15:51 | Crypt Fiend |
| 15:55 | Advanced Creature Attack |
| 16:42 | Crypt Fiend |
| 16:43 | Obsidian Statue |
| 16:43 | Obsidian Statue |
| 16:45 | Crypt Fiend |
| 16:45 | Crypt Fiend |
| 18:12 | Improved Creature Carapace |
| 20:10 | Freezing Breath |
| 20:14 | Acolyte |
| 20:14 | Acolyte |
| 20:14 | Acolyte |
| 21:42 | Frost Nova |
| 22:12 | Unholy Aura |
| 24:07 | Crypt Fiend |
| 26:13 | Acolyte |
| 26:42 | Acolyte |
| 26:42 | Acolyte |
| 26:42 | Acolyte |
| 26:42 | Acolyte |
| 30:29 | Gargoyle |
| 30:30 | Gargoyle |
| 31:06 | Gargoyle |
| 31:07 | Gargoyle |
| 31:30 | Gargoyle |
| 31:54 | Frost Wyrm |
| 33:08 | Frost Wyrm |
| 33:09 | Frost Wyrm |
| 33:55 | Advanced Creature Carapace |
| 35:19 | Frost Wyrm |
| 35:56 | Frost Wyrm |
| Right click | 1947 |
| Select | 364 |
| Select group | 350 |
| Build/train/purchase | 96 |
| Assign group | 85 |
| Use ability | 50 |
| Chat | 35 |
| Minimap ping | 12 |
| Esc | 4 |
| Remove unit | 2 |


| Scroll of Regeneration | 1 | 100 |
| total: | 1 | 100g |
| Peasant | 16 | 1200 | / | 0 |
| Footman | 13 | 1755 | / | 0 |
| Mortar Team | 9 | 1620 | / | 630 |
| Priest | 3 | 405 | / | 30 |
| Sorceress | 3 | 465 | / | 60 |
| Knight | 8 | 1960 | / | 480 |
| total: | 52 | 7405g | / | 1200w |
| Scout Tower | 6 | 180 | / | 120 |
| Arcane Tower | 2 | 140 | / | 100 |
| Guard Tower | 1 | 70 | / | 50 |
| Altar of Kings | 1 | 180 | / | 50 |
| Farm | 12 | 960 | / | 240 |
| Barracks | 2 | 320 | / | 120 |
| Town Hall | 1 | 385 | / | 205 |
| Lumber Mill | 1 | 120 | / | 0 |
| Blacksmith | 1 | 140 | / | 60 |
| Arcane Vault | 1 | 130 | / | 30 |
| Arcane Sanctum | 1 | 150 | / | 140 |
| Workshop | 1 | 140 | / | 140 |
| Keep | 1 | 320 | / | 210 |
| Castle | 1 | 360 | / | 210 |
| total: | 27 | 2705g | / | 1105w |
| 0:05 | Altar of Kings |
| 0:07 | Peasant |
| 0:07 | Peasant |
| 0:22 | Peasant |
| 0:26 | Farm |
| 0:28 | Barracks |
| 0:40 | Peasant |
| 0:54 | Farm |
| 0:59 | Peasant |
| 1:15 | Peasant |
| 1:24 | Peasant |
| 1:29 | Footman |
| 1:29 | Footman |
| 1:32 | Scout Tower |
| 1:42 | Farm |
| 1:49 | Footman |
| 1:49 | Footman |
| 1:56 | Peasant |
| 1:56 | Peasant |
| 2:03 | Arcane Tower |
| 2:14 | Summon Water Elemental |
| 2:17 | Footman |
| 2:17 | Footman |
| 2:27 | Farm |
| 2:38 | Footman |
| 2:46 | Peasant |
| 3:38 | Keep |
| 4:09 | Town Hall |
| 4:14 | Scout Tower |
| 4:20 | Footman |
| 4:24 | Footman |
| 4:36 | Brilliance Aura |
| 4:40 | Arcane Tower |
| 5:20 | Lumber Mill |
| 5:30 | Footman |
| 5:31 | Footman |
| 6:17 | Blacksmith |
| 6:21 | Peasant |
| 6:21 | Peasant |
| 6:21 | Peasant |
| 6:26 | Arcane Vault |
| 6:35 | Footman |
| 6:50 | Peasant |
| 7:08 | Arcane Sanctum |
| 7:11 | Peasant |
| 7:14 | Storm Bolt |
| 7:32 | Black Gunpowder |
| 7:35 | Iron Forged Swords |
| 7:44 | Barracks |
| 7:57 | Peasant |
| 8:00 | Iron Plating |
| 8:58 | Footman |
| 9:00 | Castle |
| 9:15 | Workshop |
| 9:24 | Farm |
| 9:29 | Farm |
| 9:33 | Farm |
| 10:06 | Thunder Clap |
| 10:30 | Mortar Team |
| 10:31 | Mortar Team |
| 10:33 | Steel Forged Swords |
| 11:12 | Mortar Team |
| 11:14 | Priest |
| 11:14 | Sorceress |
| 11:15 | Magic Sentry |
| 11:46 | Priest Adept Training |
| 11:49 | Knight |
| 11:52 | Sundering Blades |
| 12:13 | Animal War Training |
| 12:22 | Farm |
| 12:50 | Summon Water Elemental |
| 13:04 | Steel Plating |
| 13:06 | Knight |
| 13:11 | Farm |
| 13:14 | Mortar Team |
| 13:18 | Fragmentation Shards |
| 13:35 | Scroll of Regeneration |
| 13:50 | Refined Gunpowder |
| 14:20 | Farm |
| 14:22 | Farm |
| 15:25 | Mortar Team |
| 15:28 | Flying Machine Bombs |
| 15:28 | Flak Cannons |
| 16:12 | Knight |
| 17:11 | Scout Tower |
| 17:12 | Scout Tower |
| 17:16 | Scout Tower |
| 17:17 | Scout Tower |
| 17:25 | Knight |
| 18:51 | Guard Tower |
| 18:54 | Flare |
| 18:55 | Mortar Team |
| 18:57 | Knight |
| 19:03 | Farm |
| 19:58 | Mortar Team |
| 20:01 | Priest |
| 21:27 | Storm Bolt |
| 22:19 | Knight |
| 22:20 | Knight |
| 23:20 | Knight |
| 23:24 | Priest |
| 25:29 | Mortar Team |
| 25:29 | Mortar Team |
| 25:31 | Sorceress |
| 25:33 | Sorceress |
| Right click | 2603 |
| Select | 443 |
| Build/train/purchase | 131 |
| Misc. action | 116 |
| Select group | 111 |
| Assign group | 65 |
| Use ability | 22 |
| Minimap ping | 18 |
| Chat | 13 |
| Resource trade | 10 |
| Remove unit | 1 |
| Esc | 1 |
69 units @ 7.4k
/ 0.7k
329 buildings @ 17.9k
/ 10.1k
BEARAND
(37:28) : 


x1)
| Staff of Sanctuary | 3 | 750 |
| Orb of Fire | 1 | 325 |
| Staff of Teleportation | 3 | 450 |
| Boots of Speed | 3 | 750 |
| Periapt of Vitality | 1 | 325 |
| Tome of Retraining | 1 | 300 |
| Orb of Lightning | 1 | 375 |
| total: | 13 | 3275g |
| Peasant | 14 | 1050 | / | 0 |
| Priest | 1 | 135 | / | 10 |
| Dragonhawk Rider | 5 | 1000 | / | 150 |
| total: | 20 | 2185g | / | 160w |
| Scout Tower | 54 | 1620 | / | 1080 |
| Arcane Tower | 7 | 490 | / | 350 |
| Guard Tower | 31 | 2170 | / | 1550 |
| Altar of Kings | 4 | 720 | / | 200 |
| Farm | 10 | 800 | / | 200 |
| Lumber Mill | 2 | 240 | / | 0 |
| Arcane Vault | 1 | 130 | / | 30 |
| Blacksmith | 1 | 140 | / | 60 |
| Barracks | 1 | 160 | / | 60 |
| Town Hall | 2 | 770 | / | 410 |
| Arcane Sanctum | 1 | 150 | / | 140 |
| Gryphon Aviary | 1 | 140 | / | 150 |
| Keep | 1 | 320 | / | 210 |
| Castle | 1 | 360 | / | 210 |
| total: | 77 | 4870g | / | 2330w |
| 0:03 | Peasant |
| 0:03 | Peasant |
| 0:08 | Altar of Kings |
| 0:12 | Altar of Kings |
| 0:19 | Farm |
| 0:23 | Peasant |
| 0:34 | Peasant |
| 0:42 | Farm |
| 0:57 | Peasant |
| 1:06 | Lumber Mill |
| 1:09 | Scout Tower |
| 1:11 | Peasant |
| 1:25 | Peasant |
| 1:34 | Scout Tower |
| 1:35 | Peasant |
| 1:36 | Peasant |
| 1:37 | Arcane Tower |
| 1:53 | Peasant |
| 2:07 | Scout Tower |
| 2:08 | Guard Tower |
| 2:12 | Blizzard |
| 2:16 | Peasant |
| 2:21 | Scout Tower |
| 2:21 | Scout Tower |
| 2:22 | Peasant |
| 2:22 | Peasant |
| 2:57 | Guard Tower |
| 3:35 | Guard Tower |
| 3:36 | Peasant |
| 3:37 | Scout Tower |
| 3:37 | Scout Tower |
| 3:37 | Scout Tower |
| 3:38 | Scout Tower |
| 3:39 | Scout Tower |
| 4:00 | Keep |
| 4:07 | Guard Tower |
| 4:09 | Improved Masonry |
| 4:21 | Farm |
| 4:23 | Farm |
| 4:30 | Guard Tower |
| 4:55 | Staff of Teleportation |
| 5:08 | Boots of Speed |
| 5:34 | Guard Tower |
| 5:36 | Scout Tower |
| 5:37 | Scout Tower |
| 5:37 | Scout Tower |
| 5:38 | Scout Tower |
| 5:38 | Scout Tower |
| 5:38 | Scout Tower |
| 6:02 | Brilliance Aura |
| 6:12 | Guard Tower |
| 6:45 | Guard Tower |
| 6:59 | Guard Tower |
| 7:01 | Advanced Masonry |
| 7:03 | Improved Lumber Harvesting |
| 7:23 | Guard Tower |
| 7:29 | Arcane Sanctum |
| 7:44 | Storm Bolt |
| 7:46 | Castle |
| 7:52 | Arcane Vault |
| 8:00 | Scout Tower |
| 8:02 | Scout Tower |
| 8:02 | Scout Tower |
| 8:11 | Farm |
| 8:48 | Magic Sentry |
| 8:48 | Priest |
| 8:50 | Guard Tower |
| 8:59 | Staff of Teleportation |
| 9:07 | Boots of Speed |
| 9:15 | Guard Tower |
| 10:32 | Guard Tower |
| 10:49 | Staff of Sanctuary |
| 10:53 | Orb of Fire |
| 10:58 | Scout Tower |
| 10:59 | Scout Tower |
| 10:59 | Scout Tower |
| 11:00 | Scout Tower |
| 11:44 | Guard Tower |
| 11:48 | Gryphon Aviary |
| 11:49 | Blacksmith |
| 11:50 | Farm |
| 12:01 | Holy Light |
| 12:16 | Imbued Masonry |
| 12:27 | Boots of Speed |
| 12:27 | Staff of Teleportation |
| 12:51 | Staff of Sanctuary |
| 12:54 | Arcane Tower |
| 13:49 | Guard Tower |
| 13:50 | Guard Tower |
| 13:55 | Scout Tower |
| 13:57 | Scout Tower |
| 14:31 | Arcane Tower |
| 14:45 | Periapt of Vitality |
| 15:01 | Staff of Sanctuary |
| 15:21 | Blizzard |
| 15:28 | Scout Tower |
| 15:29 | Scout Tower |
| 15:30 | Scout Tower |
| 15:31 | Scout Tower |
| 15:33 | Dragonhawk Rider |
| 15:36 | Studded Leather Armor |
| 15:40 | Barracks |
| 15:47 | Farm |
| 16:41 | Arcane Tower |
| 16:42 | Guard Tower |
| 16:57 | Dragonhawk Rider |
| 16:58 | Dragonhawk Rider |
| 17:03 | Guard Tower |
| 17:17 | Animal War Training |
| 17:19 | Farm |
| 17:25 | Scout Tower |
| 17:25 | Scout Tower |
| 17:26 | Scout Tower |
| 17:26 | Scout Tower |
| 17:30 | Guard Tower |
| 17:32 | Scout Tower |
| 17:32 | Scout Tower |
| 17:33 | Scout Tower |
| 18:00 | Dragonhawk Rider |
| 18:21 | Dragonhawk Rider |
| 18:22 | Cloud |
| 18:23 | Reinforced Leather Armor |
| 18:45 | Guard Tower |
| 18:51 | Scout Tower |
| 18:52 | Scout Tower |
| 18:53 | Scout Tower |
| 18:54 | Scout Tower |
| 18:54 | Scout Tower |
| 18:55 | Scout Tower |
| 18:55 | Scout Tower |
| 18:55 | Scout Tower |
| 19:02 | Scout Tower |
| 19:02 | Scout Tower |
| 19:03 | Scout Tower |
| 19:26 | Bash |
| 19:34 | Arcane Tower |
| 19:41 | Guard Tower |
| 19:52 | Arcane Tower |
| 19:53 | Guard Tower |
| 19:53 | Guard Tower |
| 20:10 | Guard Tower |
| 20:38 | Guard Tower |
| 20:48 | Orb of Lightning |
| 21:45 | Devotion Aura |
| 23:07 | Altar of Kings |
| 23:09 | Altar of Kings |
| 23:29 | Farm |
| 23:30 | Farm |
| 27:55 | Brilliance Aura |
| 27:57 | Storm Bolt |
| 28:08 | Lumber Mill |
| 28:55 | Tome of Retraining |
| 28:55 | Retrain Hero |
| 28:57 | Holy Light |
| 28:57 | Divine Shield |
| 30:04 | Town Hall |
| 30:07 | Scout Tower |
| 33:04 | Holy Light |
| 34:19 | Town Hall |
| 35:18 | Scout Tower |
| 35:19 | Scout Tower |
| 35:50 | Arcane Tower |
| 35:50 | Guard Tower |
| 35:55 | Scout Tower |
| 36:00 | Scout Tower |
| 36:34 | Guard Tower |
| 36:38 | Scout Tower |
| 36:38 | Scout Tower |
| Right click | 3540 |
| Select | 737 |
| Select group | 561 |
| Build/train/purchase | 126 |
| Use ability | 112 |
| Chat | 86 |
| Resource trade | 32 |
| Minimap ping | 23 |
| Assign group | 16 |
| Misc. action | 9 |
| Item give/drop | 3 |
| Remove unit | 1 |
IcebergSlim
(37:27) : 

| Healing Salve | 2 | 200 |
| Orb of Lightning | 2 | 750 |
| Boots of Speed | 2 | 500 |
| Staff of Teleportation | 2 | 300 |
| Staff of Sanctuary | 1 | 250 |
| total: | 9 | 2000g |
| Peon | 13 | 975 | / | 0 |
| Troll Batrider | 9 | 1440 | / | 360 |
| total: | 22 | 2415g | / | 360w |
| Watch Tower | 24 | 2640 | / | 1920 |
| Altar of Storms | 1 | 180 | / | 50 |
| Orc Burrow | 4 | 640 | / | 160 |
| War Mill | 1 | 205 | / | 0 |
| Voodoo Lounge | 2 | 260 | / | 60 |
| Great Hall | 1 | 385 | / | 185 |
| Beastiary | 2 | 290 | / | 280 |
| Stronghold | 1 | 315 | / | 190 |
| Fortress | 1 | 325 | / | 190 |
| total: | 35 | 4600g | / | 2655w |
| 0:03 | Peon |
| 0:03 | Peon |
| 0:07 | Altar of Storms |
| 0:20 | Orc Burrow |
| 0:22 | Peon |
| 0:43 | War Mill |
| 0:46 | Peon |
| 1:02 | Voodoo Lounge |
| 1:06 | Peon |
| 1:21 | Peon |
| 1:35 | Peon |
| 1:56 | Watch Tower |
| 1:59 | Peon |
| 2:08 | Wind Walk |
| 2:15 | Watch Tower |
| 2:17 | Healing Salve |
| 2:23 | Peon |
| 2:26 | Orc Burrow |
| 2:33 | Peon |
| 2:53 | Watch Tower |
| 4:04 | Watch Tower |
| 4:05 | Peon |
| 4:06 | Peon |
| 4:18 | Watch Tower |
| 4:23 | Boots of Speed |
| 4:36 | Stronghold |
| 5:07 | Critical Strike |
| 5:19 | Watch Tower |
| 6:37 | Watch Tower |
| 6:44 | Watch Tower |
| 6:48 | Watch Tower |
| 6:53 | Watch Tower |
| 6:56 | Orc Burrow |
| 7:04 | Reinforced Defenses |
| 7:05 | Spiked Barricades |
| 7:25 | Voodoo Lounge |
| 7:31 | Peon |
| 8:01 | Staff of Teleportation |
| 8:09 | Watch Tower |
| 8:12 | Watch Tower |
| 8:42 | Hex |
| 8:59 | Boots of Speed |
| 9:11 | Watch Tower |
| 9:13 | Watch Tower |
| 9:15 | Watch Tower |
| 9:20 | Beastiary |
| 9:39 | Beastiary |
| 9:42 | Orc Burrow |
| 9:47 | Fortress |
| 9:51 | Healing Salve |
| 10:21 | Watch Tower |
| 10:28 | Watch Tower |
| 10:44 | Staff of Teleportation |
| 11:33 | Troll Batrider |
| 11:34 | Troll Batrider |
| 11:57 | Watch Tower |
| 12:00 | Watch Tower |
| 12:06 | Watch Tower |
| 12:11 | Liquid Fire |
| 13:28 | Watch Tower |
| 13:32 | Watch Tower |
| 13:44 | Orb of Lightning |
| 13:47 | Troll Batrider |
| 14:20 | Troll Batrider |
| 15:00 | Steel Ranged Weapons |
| 15:49 | Improved Spiked Barricades |
| 16:52 | Thorium Ranged Weapons |
| 17:32 | Watch Tower |
| 17:35 | Watch Tower |
| 17:48 | Staff of Sanctuary |
| 18:04 | Orb of Lightning |
| 18:12 | Troll Batrider |
| 19:16 | Arcanite Ranged Weapons |
| 20:06 | Steel Armor |
| 21:31 | Troll Batrider |
| 21:31 | Troll Batrider |
| 21:57 | Troll Batrider |
| 22:37 | Troll Batrider |
| 23:50 | Wind Walk |
| 27:37 | Healing Wave |
| 30:01 | Thorium Armor |
| 32:13 | Critical Strike |
| 33:20 | Great Hall |
| Right click | 2777 |
| Select group | 680 |
| Select | 361 |
| Build/train/purchase | 82 |
| Misc. action | 74 |
| Use ability | 55 |
| Chat | 27 |
| Resource trade | 25 |
| Assign group | 13 |



| Staff of Sanctuary | 3 | 750 |
| Scroll of Regeneration | 1 | 100 |
| Periapt of Vitality | 4 | 1300 |
| Staff of Teleportation | 3 | 450 |
| Boots of Speed | 3 | 750 |
| Circlet of Nobility | 1 | 175 |
| Orb of Lightning | 3 | 1125 |
| total: | 18 | 4650g |
| Peasant | 20 | 1500 | / | 0 |
| Priest | 2 | 270 | / | 20 |
| Dragonhawk Rider | 5 | 1000 | / | 150 |
| total: | 27 | 2770g | / | 170w |
| Scout Tower | 201 | 6030 | / | 4020 |
| Arcane Tower | 5 | 350 | / | 250 |
| Guard Tower | 63 | 4410 | / | 3150 |
| Altar of Kings | 1 | 180 | / | 50 |
| Farm | 5 | 400 | / | 100 |
| Lumber Mill | 1 | 120 | / | 0 |
| Town Hall | 2 | 770 | / | 410 |
| Arcane Vault | 3 | 390 | / | 90 |
| Blacksmith | 1 | 140 | / | 60 |
| Barracks | 1 | 160 | / | 60 |
| Arcane Sanctum | 1 | 150 | / | 140 |
| Gryphon Aviary | 1 | 140 | / | 150 |
| Keep | 1 | 320 | / | 210 |
| Castle | 1 | 360 | / | 210 |
| total: | 217 | 8480g | / | 5080w |
| 0:07 | Peasant |
| 0:07 | Peasant |
| 0:08 | Altar of Kings |
| 0:12 | Farm |
| 0:27 | Peasant |
| 0:40 | Peasant |
| 0:52 | Lumber Mill |
| 0:56 | Peasant |
| 1:08 | Scout Tower |
| 1:09 | Farm |
| 1:11 | Farm |
| 1:22 | Peasant |
| 1:22 | Peasant |
| 1:33 | Arcane Tower |
| 1:35 | Peasant |
| 1:35 | Peasant |
| 1:47 | Peasant |
| 1:58 | Scout Tower |
| 2:07 | Blizzard |
| 2:12 | Peasant |
| 2:12 | Peasant |
| 2:13 | Peasant |
| 2:24 | Guard Tower |
| 2:57 | Periapt of Vitality |
| 3:02 | Peasant |
| 3:32 | Improved Masonry |
| 3:56 | Brilliance Aura |
| 4:15 | Town Hall |
| 4:18 | Staff of Teleportation |
| 4:18 | Boots of Speed |
| 4:25 | Scout Tower |
| 4:26 | Scout Tower |
| 4:26 | Scout Tower |
| 4:28 | Scout Tower |
| 4:43 | Scout Tower |
| 4:43 | Scout Tower |
| 4:57 | Arcane Tower |
| 4:57 | Guard Tower |
| 4:59 | Keep |
| 5:07 | Guard Tower |
| 5:08 | Guard Tower |
| 5:12 | Scout Tower |
| 5:20 | Scout Tower |
| 5:57 | Guard Tower |
| 6:04 | Scout Tower |
| 6:05 | Scout Tower |
| 6:06 | Scout Tower |
| 6:06 | Scout Tower |
| 6:11 | Guard Tower |
| 6:15 | Peasant |
| 6:16 | Peasant |
| 6:24 | Guard Tower |
| 6:58 | Guard Tower |
| 7:06 | Guard Tower |
| 7:10 | Scout Tower |
| 7:11 | Scout Tower |
| 7:23 | Improved Lumber Harvesting |
| 7:47 | Arcane Sanctum |
| 7:57 | Peasant |
| 7:57 | Peasant |
| 8:02 | Farm |
| 8:09 | Arcane Tower |
| 8:11 | Guard Tower |
| 8:22 | Storm Bolt |
| 8:37 | Staff of Teleportation |
| 8:37 | Boots of Speed |
| 8:37 | Circlet of Nobility |
| 8:45 | Castle |
| 8:56 | Scout Tower |
| 8:56 | Scout Tower |
| 8:57 | Scout Tower |
| 8:57 | Scout Tower |
| 9:06 | Scout Tower |
| 9:06 | Scout Tower |
| 9:07 | Scout Tower |
| 9:07 | Scout Tower |
| 9:08 | Scout Tower |
| 9:08 | Scout Tower |
| 9:09 | Scout Tower |
| 9:10 | Scout Tower |
| 9:13 | Peasant |
| 9:13 | Peasant |
| 9:41 | Guard Tower |
| 9:43 | Guard Tower |
| 9:45 | Blizzard |
| 9:53 | Magic Sentry |
| 9:59 | Guard Tower |
| 10:05 | Guard Tower |
| 10:18 | Guard Tower |
| 10:20 | Guard Tower |
| 10:25 | Advanced Masonry |
| 10:37 | Arcane Vault |
| 10:38 | Arcane Vault |
| 10:38 | Arcane Vault |
| 10:40 | Scout Tower |
| 10:41 | Scout Tower |
| 10:41 | Scout Tower |
| 10:42 | Scout Tower |
| 10:43 | Guard Tower |
| 10:53 | Scout Tower |
| 10:53 | Scout Tower |
| 10:54 | Scout Tower |
| 10:54 | Scout Tower |
| 10:58 | Guard Tower |
| 11:02 | Scout Tower |
| 11:02 | Scout Tower |
| 11:03 | Scout Tower |
| 11:04 | Scout Tower |
| 11:40 | Guard Tower |
| 11:51 | Scout Tower |
| 11:52 | Scout Tower |
| 11:53 | Scout Tower |
| 11:54 | Scout Tower |
| 11:54 | Scout Tower |
| 11:55 | Scout Tower |
| 11:56 | Scout Tower |
| 11:56 | Scout Tower |
| 11:57 | Scout Tower |
| 11:57 | Scout Tower |
| 12:03 | Guard Tower |
| 12:05 | Holy Light |
| 12:10 | Staff of Sanctuary |
| 12:16 | Staff of Sanctuary |
| 12:23 | Staff of Teleportation |
| 12:26 | Boots of Speed |
| 12:33 | Guard Tower |
| 12:39 | Guard Tower |
| 12:46 | Guard Tower |
| 12:56 | Staff of Sanctuary |
| 13:33 | Guard Tower |
| 13:43 | Scout Tower |
| 13:43 | Scout Tower |
| 13:44 | Scout Tower |
| 13:44 | Scout Tower |
| 13:45 | Scout Tower |
| 13:46 | Scout Tower |
| 13:48 | Scout Tower |
| 13:48 | Scout Tower |
| 13:51 | Scout Tower |
| 13:52 | Scout Tower |
| 14:03 | Imbued Masonry |
| 14:07 | Guard Tower |
| 14:09 | Scout Tower |
| 14:09 | Scout Tower |
| 14:10 | Scout Tower |
| 14:11 | Scout Tower |
| 14:12 | Scout Tower |
| 14:12 | Scout Tower |
| 14:20 | Guard Tower |
| 14:22 | Scout Tower |
| 14:23 | Scout Tower |
| 14:24 | Scout Tower |
| 14:24 | Scout Tower |
| 14:31 | Orb of Lightning |
| 14:41 | Priest |
| 14:48 | Guard Tower |
| 14:49 | Guard Tower |
| 15:23 | Guard Tower |
| 15:25 | Scout Tower |
| 15:26 | Scout Tower |
| 15:26 | Scout Tower |
| 15:27 | Scout Tower |
| 15:28 | Scout Tower |
| 15:28 | Scout Tower |
| 15:32 | Scout Tower |
| 15:32 | Scout Tower |
| 15:33 | Scout Tower |
| 15:33 | Scout Tower |
| 15:34 | Scout Tower |
| 15:34 | Scout Tower |
| 15:36 | Scout Tower |
| 15:37 | Scout Tower |
| 15:38 | Scout Tower |
| 15:38 | Scout Tower |
| 15:40 | Advanced Lumber Harvesting |
| 15:44 | Guard Tower |
| 16:34 | Guard Tower |
| 16:36 | Scout Tower |
| 16:36 | Scout Tower |
| 16:37 | Scout Tower |
| 16:37 | Scout Tower |
| 16:38 | Scout Tower |
| 16:38 | Scout Tower |
| 16:40 | Bash |
| 16:42 | Guard Tower |
| 16:47 | Guard Tower |
| 16:52 | Arcane Tower |
| 17:00 | Guard Tower |
| 17:10 | Guard Tower |
| 17:15 | Guard Tower |
| 17:18 | Scout Tower |
| 17:19 | Scout Tower |
| 17:19 | Scout Tower |
| 17:20 | Scout Tower |
| 17:36 | Scout Tower |
| 17:36 | Scout Tower |
| 17:37 | Scout Tower |
| 17:38 | Scout Tower |
| 17:38 | Scout Tower |
| 17:39 | Scout Tower |
| 17:42 | Scout Tower |
| 17:43 | Scout Tower |
| 17:44 | Scout Tower |
| 17:44 | Scout Tower |
| 18:16 | Orb of Lightning |
| 18:22 | Scout Tower |
| 18:23 | Scout Tower |
| 18:24 | Scout Tower |
| 18:25 | Scout Tower |
| 18:27 | Scout Tower |
| 18:27 | Scout Tower |
| 18:30 | Guard Tower |
| 18:38 | Periapt of Vitality |
| 18:41 | Guard Tower |
| 19:40 | Guard Tower |
| 19:42 | Scout Tower |
| 19:43 | Scout Tower |
| 19:43 | Scout Tower |
| 19:44 | Scout Tower |
| 19:45 | Scout Tower |
| 19:47 | Scout Tower |
| 19:48 | Guard Tower |
| 19:51 | Scout Tower |
| 19:51 | Scout Tower |
| 19:52 | Scout Tower |
| 19:58 | Scout Tower |
| 19:59 | Scout Tower |
| 20:00 | Scout Tower |
| 20:01 | Scout Tower |
| 20:02 | Scout Tower |
| 20:04 | Guard Tower |
| 20:05 | Guard Tower |
| 20:09 | Guard Tower |
| 20:17 | Scout Tower |
| 20:18 | Scout Tower |
| 20:20 | Scout Tower |
| 20:24 | Scout Tower |
| 20:29 | Scout Tower |
| 20:31 | Scout Tower |
| 20:31 | Scout Tower |
| 20:32 | Scout Tower |
| 20:36 | Scout Tower |
| 20:40 | Scout Tower |
| 20:41 | Scout Tower |
| 21:20 | Divine Shield |
| 21:50 | Brilliance Aura |
| 22:31 | Scroll of Regeneration |
| 22:49 | Guard Tower |
| 22:54 | Guard Tower |
| 22:56 | Scout Tower |
| 22:57 | Scout Tower |
| 23:15 | Guard Tower |
| 23:17 | Scout Tower |
| 23:17 | Scout Tower |
| 23:18 | Scout Tower |
| 23:19 | Scout Tower |
| 23:20 | Scout Tower |
| 23:20 | Scout Tower |
| 23:22 | Scout Tower |
| 23:23 | Scout Tower |
| 23:28 | Guard Tower |
| 23:35 | Periapt of Vitality |
| 23:53 | Gryphon Aviary |
| 23:54 | Blacksmith |
| 23:56 | Barracks |
| 25:23 | Guard Tower |
| 25:27 | Scout Tower |
| 25:27 | Scout Tower |
| 25:28 | Scout Tower |
| 25:52 | Priest Adept Training |
| 25:54 | Studded Leather Armor |
| 25:56 | Farm |
| 26:06 | Scout Tower |
| 26:10 | Scout Tower |
| 26:12 | Scout Tower |
| 26:49 | Guard Tower |
| 27:16 | Storm Bolt |
| 27:21 | Scout Tower |
| 27:22 | Scout Tower |
| 27:22 | Scout Tower |
| 27:24 | Guard Tower |
| 28:11 | Periapt of Vitality |
| 28:22 | Dragonhawk Rider |
| 28:23 | Dragonhawk Rider |
| 28:30 | Reinforced Leather Armor |
| 28:31 | Animal War Training |
| 28:42 | Orb of Lightning |
| 28:46 | Holy Light |
| 29:05 | Dragonhawk Rider |
| 29:05 | Dragonhawk Rider |
| 29:50 | Dragonhide Armor |
| 30:17 | Priest |
| 30:18 | Priest Master Training |
| 30:37 | Dragonhawk Rider |
| 30:47 | Guard Tower |
| 34:05 | Town Hall |
| 34:20 | Scout Tower |
| 34:21 | Scout Tower |
| 34:22 | Scout Tower |
| 34:22 | Scout Tower |
| 34:23 | Scout Tower |
| 34:24 | Scout Tower |
| 34:25 | Scout Tower |
| 34:25 | Scout Tower |
| 34:26 | Scout Tower |
| 34:26 | Scout Tower |
| 34:28 | Scout Tower |
| 34:34 | Scout Tower |
| 34:35 | Scout Tower |
| 34:36 | Scout Tower |
| 34:37 | Scout Tower |
| 34:38 | Scout Tower |
| 34:39 | Scout Tower |
| 34:40 | Scout Tower |
| 34:40 | Scout Tower |
| 34:41 | Scout Tower |
| 34:42 | Scout Tower |
| 34:44 | Scout Tower |
| 34:45 | Scout Tower |
| 34:46 | Scout Tower |
| 34:48 | Scout Tower |
| 34:53 | Scout Tower |
| 34:54 | Scout Tower |
| 34:59 | Guard Tower |
| 35:09 | Arcane Tower |
| 35:24 | Guard Tower |
| 35:24 | Guard Tower |
| 35:27 | Guard Tower |
| 35:29 | Guard Tower |
| 35:39 | Scout Tower |
| 35:39 | Scout Tower |
| 35:41 | Scout Tower |
| 35:42 | Scout Tower |
| 35:44 | Scout Tower |
| 35:46 | Scout Tower |
| 35:48 | Scout Tower |
| 35:49 | Scout Tower |
| 36:12 | Guard Tower |
| 36:20 | Guard Tower |
| 36:24 | Guard Tower |
| 36:29 | Scout Tower |
| 36:45 | Guard Tower |
| 36:52 | Scout Tower |
| 36:53 | Scout Tower |
| 36:54 | Scout Tower |
| 36:57 | Guard Tower |
| 37:04 | Scout Tower |
| 37:04 | Scout Tower |
| 37:05 | Scout Tower |
| 37:06 | Scout Tower |
| 37:10 | Guard Tower |
| 37:19 | Scout Tower |
| 37:20 | Scout Tower |
| 37:25 | Guard Tower |
| Right click | 2061 |
| Select group | 1746 |
| Select | 423 |
| Build/train/purchase | 164 |
| Use ability | 126 |
| Chat | 89 |
| Misc. action | 82 |
| Resource trade | 29 |
| Minimap ping | 25 |
| Assign group | 19 |
| Item give/drop | 4 |
| Esc | 4 |